 Dungeon Crawl Stone Soup version 0.32-a0-640-gc5db3fc80f (webtiles) character file.

Game seed: 10332647867613237280

3488 mopl the Covert (level 10, -3/71 HPs)
             Began as an Octopode Brigand on Mar 7, 2024.
             Was a Believer of Dithmenos.
             Slain by a two-headed ogre
             ... wielding a +0 giant club
              (22 damage)
             ... on level 8 of the Dungeon.
             The game lasted 00:08:41 (5520 turns).

mopl the Covert (Octopode Brigand)                  Turns: 5520, Time: 00:08:41

Health: -3/71      AC:  1    Str: 11    XL:     10   Next: 7%
Magic:  10/10      EV: 17    Int: 14    God:    Dithmenos [**....]
Gold:   259        SH:  0    Dex: 17    Spells: 9/9 levels left

rFire   . . .        a - +1 dagger (venom)
rCold   . . .        (no shield)
rNeg    . . .        (helmet restricted)
rPois   .            s - amulet of regeneration
rElec   .            j - ring of flight
rCorr   +            B - ring of resist corrosion
SInv    .            (no ring)
Will    .....        (no ring)
Stlth   ++++++++     (no ring)
HPRegen 1.11/turn    (no ring)
MPRegen 0.12/turn    (no ring)
                     (no ring)

%: no passive effects
@: flying, wreathed by umbra
A: almost no armour, amphibious, 8 rings, camouflage 1, gelatinous body 1,
(nimble swimmer 1), tentacles
a: Renounce Religion, Shadow Step


You were on level 8 of the Dungeon.
You worshipped Dithmenos.
Dithmenos was pleased with you.
You visited 1 branch of the dungeon, and saw 8 of its levels.

You collected 259 gold pieces.

Inventory:

Hand Weapons
 a - a +1 dagger of venom (weapon)
 b - a +2 dagger of holy wrath
 f - a +2 dagger
 g - a +0 long sword
Missiles
 c - 4 curare-tipped darts
 r - 2 throwing nets
 x - 3 boomerangs
 y - 14 poisoned darts (quivered)
Jewellery
 j - a ring of flight (left tentacle)
 s - an amulet of regeneration (around mantle)
 B - a ring of resist corrosion (right tentacle)
Talismans
 v - a beast talisman
Wands
 o - a wand of flame (36)
 u - a wand of iceblast (2)
 D - a wand of quicksilver (4)
Scrolls
 d - 8 scrolls of identify {unknown}
 k - a scroll of amnesia {unknown}
 l - a scroll of summoning {unknown}
 m - 3 scrolls of vulnerability {unknown}
 n - 3 scrolls of fear {unknown}
 t - 3 scrolls of poison {unknown}
 A - a scroll of enchant armour {unknown}
Potions
 e - a potion of enlightenment {unknown}
 h - 4 potions of invisibility {unknown}
 i - 5 potions of heal wounds {unknown}
 p - 4 potions of curing {unknown}
 q - a potion of magic {unknown}
 w - 2 potions of brilliance {unknown}
 z - a potion of attraction {unknown}
 C - a potion of ambrosia {unknown}


   Skills:
 + Level 7.2 Fighting
 - Level 2.0(4.7) Short Blades
 + Level 6.8(6.9) Long Blades
 + Level 3.0 Throwing
 + Level 6.9 Dodging
 + Level 11.1 Stealth


You had 9 spell levels left.
You didn't know any spells.
Your spell library contained the following spells:

 Spells                   Type           Power      Damage    Failure   Level
 Summon Small Mammal      Summ           0%         N/A       28%         1
 Call Canine Familiar     Summ           0%         N/A       65%         3
 Sigil of Binding         Hex            0%         N/A       65%         3
 Dimensional Bullseye     Hex/Tloc       0%         N/A       96%         4
 Summon Blazeheart Golem  Fire/Summ      0%         N/A       96%         4


Dungeon Overview and Level Annotations

Branches:
Dungeon (8/15)             Temple (0/1) D:7
   Lair: D:8-11

Altars:
Dithmenos
Elyvilon
Wu Jian
Yredelemnul
Zin

Shops:
D:1 (

Annotations:
D:5 dig
D:7 3 runed translucent doors
D:8 Jeremiah, Maggie


Innate Abilities, Weirdness & Mutations

You cannot wear most types of armour.
You are amphibious.
You can wear up to eight rings at the same time.
Your skin changes colour to match your surroundings (Stealth+).
Your rubbery body absorbs attacks. (AC +1, EV +1)
((You are camouflaged when in or above water. (Stealth+)))
You have tentacles for arms and can constrict up to eight enemies at once.


Message History

You throw a poisoned dart.
The poisoned dart hits the two-headed ogre.
The goblin shouts!
You hear a loud, deep croak!
You throw a poisoned dart.
The poisoned dart barely misses the two-headed ogre.
The poisoned dart hits the orc priest.
The orc priest is poisoned.
You throw a poisoned dart.
The poisoned dart hits the two-headed ogre.
The two-headed ogre looks even sicker.
You barely miss the two-headed ogre.
The two-headed ogre is lightly wounded.
The two-headed ogre hits you with a +0 giant club!!
The two-headed ogre misses you.
You hit the two-headed ogre.
The two-headed ogre looks as sick as possible!
You squeeze the two-headed ogre!
The two-headed ogre is moderately wounded.
You hear the steady creaking of a distant portcullis.
The orc priest calls down the wrath of Beogh upon you.
Beogh smites you!
The orc priest looks more healthy.
The two-headed ogre attacks as it pursues you!
The two-headed ogre hits you with a +0 giant club!!
* * * LOW HITPOINT WARNING * * *
The two-headed ogre misses you.
There is a stone staircase leading up here.
Aiming: Quicksilver Bolt
Press: ? - help, Shift-Dir - straight line, f - goblin, p - two-headed ogre
Aim: a goblin, wielding a +0 hand axe (64% to hit)
The bolt of dispelling energy hits the two-headed ogre!
The two-headed ogre is severely wounded.
The bolt of dispelling energy hits the orc priest.
The orc priest is heavily wounded.
The bolt of dispelling energy hits the goblin!
You kill the goblin!
Dithmenos accepts your kill.
The bolt of dispelling energy hits the bullfrog!
The bullfrog is severely wounded.
The two-headed ogre hits you with a +0 giant club!!
You die...

.##..##.##.(###
####.##.##....##
# #.##.##.##(.#
#.##..).###F##
####.##..###
#..# ..##..#..#
##o# #.###†.†.##
#.# #..###†#..#
#O## #..#<....#
#.@#####
#...#.#.#
##.....#
#...#)#.#
#.(.(.#
##....#.#
#((...#
#...##.####
#.....#
####.#..#....#
#.....#
...h.##.)....#
#.....#
####.###.....#
#.....# #.#
##....# #.....#


You could see a two-headed ogre (very poisoned), a bullfrog and an orc priest.

Vanquished Creatures
  Grinder (D:4)
  A hornet (D:8)
  A yak (D:5)
  A water moccasin (D:8)
  A black bear (D:5)
  An ice beast (D:6)
  3 ogres
  2 centaurs
  A phantom (D:3)
  2 kobold brigands
  2 bullfrogs
  3 scorpions
  14 wights
  4 howler monkeys (D:8)
  A bombardier beetle (D:6)
  2 hounds
  2 jellies (D:5)
  An orc priest (D:6)
  A gnoll bouda (D:4)
  A sleepcap (D:6)
  4 iguanas
  7 orc wizards
  16 gnolls
  9 adders
  2 ufetubi (D:6)
  A ribbon worm (D:3)
  27 orcs
  9 endoplasms
  2 giant cockroaches
  12 goblins
  7 hobgoblins
  5 jackals
  3 quokkas
  6 ball pythons
  5 bats
  2 frilled lizards (D:1)
  10 kobolds
  2 rats
  A butterfly (D:7)
175 creatures vanquished.

Notes
Turn   | Place    | Note
-------+----------+-------------------------------------------
     0 | D:1      | mopl the Octopode Brigand began the quest for the Orb.
     0 | D:1      | Reached XP level 1. HP: 14/14 MP: 1/1
   129 | D:1      | Reached XP level 2. HP: 19/19 MP: 2/2
   323 | D:1      | Found Vostrei's Weapon Shop.
   533 | D:2      | Found a faded altar of an unknown god.
   594 | D:2      | Reached skill level 1 in Long Blades
   594 | D:2      | Reached XP level 3. HP: 25/25 MP: 3/3
   772 | D:2      | Reached skill level 2 in Dodging
   772 | D:2      | Reached XP level 4. HP: 3/30 MP: 4/4
   995 | D:2      | Reached skill level 6 in Stealth
  1315 | D:3      | Reached skill level 3 in Fighting
  1416 | D:3      | Reached skill level 2 in Long Blades
  1416 | D:3      | Reached XP level 5. HP: 31/36 MP: 5/5
  1437 | D:3      | Noticed a phantom
  1528 | D:3      | Killed a phantom
  1673 | D:3      | Reached XP level 6. HP: 42/42 MP: 6/6
  1965 | D:3      | Reached skill level 3 in Dodging
  2049 | D:4      | Noticed Grinder
  2062 | D:4      | Paralysed by Grinder for 2 turns
  2065 | D:4      | Killed Grinder
  2066 | D:4      | Reached skill level 3 in Long Blades
  2066 | D:4      | Reached skill level 7 in Stealth
  2101 | D:4      | Reached XP level 7. HP: 47/47 MP: 7/7
  2187 | D:4      | Reached skill level 4 in Fighting
  2729 | D:3      | Reached skill level 4 in Dodging
  2877 | D:4      | Found a white marble altar of Elyvilon.
  2878 | D:4      | Found a shadowy altar of Dithmenos.
  2893 | D:4      | Became a worshipper of Dithmenos the Shadowed
  2935 | D:4      | Reached skill level 4 in Long Blades
  2935 | D:4      | Reached skill level 8 in Stealth
  3058 | D:5      | Entered Level 5 of the Dungeon
  3068 | D:5      | Noticed a yak
  3073 | D:5      | Killed a yak
  3074 | D:5      | Reached XP level 8. HP: 54/54 MP: 8/8
  3083 | D:5      | Reached skill level 5 in Fighting
  3234 | D:5      | Reached skill level 5 in Dodging
  3304 | D:5      | Reached skill level 9 in Stealth
  3337 | D:5      | Found a glowing silver altar of Zin.
  3421 | D:5      | Reached skill level 5 in Long Blades
  3674 | D:6      | Reached * piety under Dithmenos
  3743 | D:6      | Reached XP level 9. HP: 58/62 MP: 9/9
  3779 | D:6      | Found an ornate altar of the Wu Jian Council.
  3780 | D:6      | Found a basalt altar of Yredelemnul.
  3806 | D:6      | Reached skill level 6 in Fighting
  4086 | D:6      | Reached skill level 10 in Stealth
  4147 | D:6      | Reached skill level 6 in Dodging
  4174 | D:6      | Reached skill level 6 in Long Blades
  4523 | D:7      | Found a staircase to the Ecumenical Temple.
  4538 | D:7      | Found a runed translucent gate.
  4538 | D:7      | Found a runed translucent gate.
  4538 | D:7      | Found a runed translucent gate.
  4538 | D:7      | Noticed a manticore
  4538 | D:7      | Noticed a polar bear
  4538 | D:7      | Noticed a death yak
  4538 | D:7      | Noticed a polar bear
  4539 | D:7      | Noticed a death yak
  4539 | D:7      | Noticed a manticore
  4886 | D:7      | Reached ** piety under Dithmenos
  5161 | D:8      | Noticed Maggie
  5269 | D:8      | Noticed Jeremiah
  5358 | D:8      | Noticed a hornet
  5361 | D:8      | Reached skill level 7 in Fighting
  5361 | D:8      | Killed a hornet
  5362 | D:8      | Reached skill level 11 in Stealth
  5362 | D:8      | Reached XP level 10. HP: 71/71 MP: 10/10
  5498 | D:8      | Reached skill level 3 in Throwing
  5504 | D:8      | Noticed a two-headed ogre
  5520 | D:8      | Slain by a two-headed ogre

Illustrated notes

Levels and vault maps discovered:
D:1:      kennysheep_arrival_seaside, layout_rooms, serial_shops, shop
D:2:      layout_basic, shapermc_ecumenical_altar_mp_highgroup, minmay_domino_2
D:3:      layout_rooms, minmay_ruptured
D:4:      layout_loops_ring, mainiacjoe_overflow_divided_tiny,
          nicolae_zig_zag_zippers, uniq_grinder
D:5:      minmay_skewed_foursquare, layout_loops_cross, zin_scriptorium
D:6:      layout_cave_pods, gammafunk_temple_overflow_statue
D:7:      lemuel_bear_cage, layout_basic, minmay_temple_entry_butterflies
D:8:      layout_rooms, enter_bailey_3, uniq_maggie, uniq_jeremiah

Skill      XL: |  1  2  3  4  5  6  7  8  9 10 |
---------------+-------------------------------+-----
Long Blades    | 1 2 3 4 5 6 |  6.8
Dodging        | 2 3 4 5 6 |  6.9
Stealth        | 6 7 8 9 11 | 11.1
Fighting       | 3 4 5 7 |  7.2
Throwing       | 3 |  3.0
Short Blades   | |  2.0

Action                     |  1- 3 |  4- 6 |  7- 9 | 10-12 || total
---------------------------+-------+-------+-------+-------++-------
  Melee: Dagger            |    38 |    83 |   239 |    26 ||   386
         Constrict         |    12 |    17 |    64 |     7 ||   100
         Tentacles         |     6 |    16 |    79 |     9 ||   110
         Long sword        |       |    11 |       |       ||    11
  Throw: Dart              |     3 |       |       |     5 ||     8
  Evoke: Wand              |       |       |     2 |     1 ||     3
   Stab: Sleeping          |     5 |    16 |    23 |       ||    44
 Armour: Skin              |    17 |    32 |   103 |     8 ||   160
  Dodge: Dodged            |    28 |    32 |   153 |    28 ||   241

Table legend: (Time is in decaauts)
 A = Elapsed time spent in this place.
 B = Non-inter-level travel time spent in this place.
 C = Inter-level travel time spent in this place.
 D = Time resting spent in this place.
 E = Time spent auto-exploring this place.
 F = Levels seen in this place.
 G = Mean time per level.
                   A        B        C        D        E       F      G
               +--------+--------+--------+--------+--------+-----+--------+
         Total |   5455 |   5170 |    285 |    832 |   3059 |   8 |  681.9 |
       Dungeon |   5455 |   5170 |    285 |    832 |   3059 |   8 |  681.9 |
               +--------+--------+--------+--------+--------+-----+--------+

Top non-repeatable levels by time:
     D:3: 911 daAuts
     D:4: 842 daAuts
     D:6: 794 daAuts
     D:7: 771 daAuts
     D:2: 762 daAuts
     D:5: 623 daAuts
     D:1: 521 daAuts
     D:8: 227 daAuts
